 Dungeon Crawl Stone Soup version 0.23.2 (webtiles) character file.

Game seed: 8873519181952470264

116364 dvd the Thrower (level 16, 0/156 HPs)
             Began as a Troll Gladiator on Apr 7, 2019.
             Was the Champion of Okawaru.
             Slain by a hornet (5 damage)
             ... created by a shambling mangrove
             ... on level 2 of the Swamp on Apr 8, 2019.
             The game lasted 01:35:55 (25113 turns).

dvd the Thrower (Troll Gladiator)                  Turns: 25113, Time: 01:35:56

Health: 0/156      AC: 17    Str: 31    XL:     16   Next: 20%
Magic:  27/27      EV: 11    Int: 13    God:    Okawaru [******]
Gold:   2136       SH: 21    Dex: 21    Spells: 15/16 levels left

rFire    + . .     SeeInvis .   a - +5 morningstar "Vaitt" {flame, *Corrode rPois rN+}
rCold    + . .     Gourm    +   Y - +2 large shield {AC+3}
rNeg     + . .     Faith    .   U - +0 swamp dragon scales
rPois    +         Spirit   .   O - +3 hat of Pondering {ponderous, MR+ MP+10 Int+5}
rElec    +         Reflect  .   j - scarf {rC+ rF+}
rCorr    +         Harm     .   (gloves unavailable)
MR       +++..                  (boots unavailable)
Stlth    ++........             t - amulet "Odonuot" {rElec Regen+}
HPRegen  1.16/turn              c - ring "Dugamn" {+Fly MR+ Str+3 Dex+5}
MPRegen  0.20/turn              A - ring of Jomoat {rCorr rElec Str+2 Int+4}

@: grasped by roots, very slightly contaminated, constricted, slow
A: large, unfitting armour, claws 3, fast metabolism 3, gourmand, regeneration
1, shaggy fur 1, tough skin 3
a: Heroism, Finesse, Renounce Religion, Evoke Flight


You were on level 2 of the Swamp.
You worshipped Okawaru.
Okawaru was exalted by your worship.
You were very full.

You visited 5 branches of the dungeon, and saw 26 of its levels.
You also visited: Ossuary and Gauntlet.

You collected 2698 gold pieces.
You spent 562 gold pieces at shops.

Inventory:

Hand Weapons
 a - the +5 morningstar "Vaitt" (weapon) {flame, *Corrode rPois rN+}
   (You bought it in a shop on level 4 of the Dungeon)

   It has been specially enchanted to burn those struck by it, causing extra
   injury to most foes and up to half again as much damage against particularly
   susceptible opponents.
   It protects you from poison.
   It protects you from negative energy.
   It may corrode you when you take damage.
 b - a +3 vampiric hand axe
 o - a +0 war axe of flaming
 T - the +10 trident "Qongakof" {flame, rF+ rN+ MR++ Dex-4}
   (You found it on level 6 of the Lair of Beasts)

   It has been specially enchanted to burn those struck by it, causing extra
   injury to most foes and up to half again as much damage against particularly
   susceptible opponents.
   It affects your dexterity (-4).
   It protects you from fire.
   It protects you from negative energy.
   It affects your resistance to hostile enchantments.
Missiles
 E - 2 poisoned javelins
 F - 4 steel javelins
 L - 16 large rocks
 M - 8 javelins of penetration
 N - 3 tomahawks of returning
 Q - 11 javelins
 V - 47 tomahawks (quivered)
Armour
 d - a +1 troll leather armour {Snorg}
 j - a scarf of resistance (worn)
 m - a +2 cloak
 x - a +1 shield of resistance
 O - the +3 hat of Pondering (worn) {ponderous, MR+ MP+10 Int+5}
   (You took it off Gastronok on level 2 of the Lair of Beasts)

   It affects your intelligence (+5).
   It affects your resistance to hostile enchantments.
   It affects your magic capacity (+10).
 U - +0 swamp dragon scales (worn)
 Y - a +2 large shield of protection (worn)
Jewellery
 c - the ring "Dugamn" (left claw) {+Fly MR+ Str+3 Dex+5}
   (You found it in a Gauntlet)

   [ring of flight]

   It affects your strength (+3).
   It affects your dexterity (+5).
   It affects your resistance to hostile enchantments.
   It lets you fly.
 t - the amulet "Odonuot" (around neck) {rElec Regen+}
   (You took it off a minotaur in a Gauntlet)

   [amulet of regeneration]

   It insulates you from electricity.
   It increases your rate of regeneration.
 A - the ring of Jomoat (right claw) {rCorr rElec Str+2 Int+4}
   (You found it on level 3 of the Lair of Beasts)

   [ring of resist corrosion]

   It affects your strength (+2).
   It affects your intelligence (+4).
   It insulates you from electricity.
 G - an uncursed ring of see invisible
Wands
 n - a wand of disintegration (32)
 r - a wand of paralysis (6)
 s - a wand of random effects (25)
 C - a wand of polymorph (17)
 I - a wand of enslavement (26)
 W - a wand of flame (38)
 X - a wand of acid (4)
Scrolls
 e - 17 scrolls of identify
 g - 6 scrolls of magic mapping
 i - 6 scrolls of teleportation
 u - a scroll of brand weapon
 w - 11 scrolls of remove curse
 y - 6 scrolls of fog
 D - a scroll of summoning
Potions
 h - 5 potions of flight
 k - 3 potions of magic
 l - a potion of berserk rage
 p - 5 potions of brilliance
 q - 4 potions of haste
 v - a potion of mutation
 z - 8 potions of curing
 B - 2 potions of cancellation
 J - 2 potions of agility
 K - 2 potions of ambrosia
 P - a potion of resistance
 R - a potion of might
Miscellaneous
 H - a crystal ball of energy
Comestibles
 f - 56 rations
 Z - a chunk of flesh


   Skills:
 + Level 9.1 Fighting
 + Level 5.4(10.1) Axes
 + Level 13.9(14.3) Maces & Flails
 * Level 0.5(3.3) Polearms
 + Level 14.2 Throwing
 + Level 2.9 Armour
 + Level 9.2 Dodging
 + Level 3.2 Stealth
 + Level 8.0 Shields
 + Level 0.5 Spellcasting
 + Level 1.1 Translocations
 + Level 2.8 Invocations
 + Level 1.3 Evocations


You had 15 spell levels left.
You knew the following spells:

 Your Spells              Type           Power        Failure   Level  Hunger
a - Apportation           Tloc           #.....       75%         1    ##.....

Your spell library contained the following spells:

 Spells                   Type           Power        Failure   Level  Hunger
 Beastly Appendage        Tmut           #.....       88%         1    ##.....
 Magic Dart               Conj           #...         88%         1    ##.....
 Sandblast                Erth           #.....       88%         1    ##.....
 Summon Butterflies       Summ           #.......     88%         1    ##.....
 Summon Small Mammal      Summ           #...         88%         1    ##.....
 Call Imp                 Summ           #.......     95%         2    ###....
 Corpse Rot               Necr           N/A          95%         2    ###....
 Passwall                 Tmut/Erth      #.......     95%         2    ###....
 Searing Ray              Conj           #.....       95%         2    ###....
 Sticks to Snakes         Tmut           #.......     95%         2    ###....
 Sublimation of Blood     Necr           #.........   95%         2    ###....
 Lesser Beckoning         Tloc           #.........   98%         3    ####...
 Call Canine Familiar     Summ           #.......     99%         3    ####...
 Dazzling Spray           Conj/Hex       #.....       99%         3    ####...
 Spider Form              Tmut/Pois      #.........   99%         3    ####...
 Stone Arrow              Conj/Erth      #.....       99%         3    ####...
 Summon Guardian Golem    Hex/Summ       #.......     99%         3    ####...
 Tukima's Dance           Hex            #.......     99%         3    ####...
 Force Lance              Conj/Tloc      #.......     100%        4    #####..
 Fulminant Prism          Conj/Hex       #.........   100%        4    #####..
 Ice Form                 Ice/Tmut       #.......     100%        4    #####..
 Iskenderun's Mystic Bla  Conj           #.......     100%        4    #####..
 Petrify                  Tmut/Erth      #.......     100%        4    #####..
 Summon Ice Beast         Ice/Summ       #.......     100%        4    #####..
 Summon Lightning Spire   Summ/Air       #.......     100%        4    #####..
 Agony                    Necr           #.......     100%        5    ######.
 Alistair's Intoxication  Tmut/Pois      #.......     100%        5    ######.
 Blade Hands              Tmut           #.........   100%        5    ######.
 Bolt of Draining         Conj/Necr      #.........   100%        5    ######.
 Dispel Undead            Necr           #.......     100%        5    ######.
 Excruciating Wounds      Chrm/Necr      #.........   100%        5    ######.
 Lee's Rapid Deconstruct  Erth           #.........   100%        5    ######.
 Metabolic Englaciation   Hex/Ice        #.........   100%        5    ######.
 Bolt of Cold             Conj/Ice       #.........   100%        6    #######
 Freezing Cloud           Conj/Ice/Air   #.........   100%        6    #######
 Invisibility             Hex            #.......     100%        6    #######
 Ozocubu's Refrigeration  Ice            #.........   100%        6    #######
 Simulacrum               Ice/Necr       #.........   100%        6    #######


Dungeon Overview and Level Annotations

Branches:
Dungeon (15/15)            Temple (1/1) D:7            Lair (6/6) D:9
  Swamp (2/4) Lair:3       Spider (0/4) Lair:4        Slime (0/5) Lair:6
    Orc (2/2) D:10            Elf (0/3) Orc:2        Vaults (0/5) D:13
 Depths (0/5) D:15

Altars:
Ashenzari
Elyvilon
Kikubaaqudgha
Makhleb
Okawaru
Ru
Sif Muna
Trog
Uskayaw
Vehumet
Yredelemnul
Zin
Beogh

Shops:
D:3 *   D:4 *   D:5 [   Orc:2 }!}(


Innate Abilities, Weirdness & Mutations

You are too large for most types of armour.
You have claws for hands.
Your metabolism is lightning-fast.
You like to eat raw meat.
Your natural rate of healing is unusually fast.
You are covered in fur. (AC +1)
You have extremely tough skin. (AC +3)


Message History

You feel yourself slow down.
You feel better.
You feel yourself speed up.
The swamp worm bites you but does no damage.
You block the hornet's attack.
The hornet stings you but does no damage.
The swamp worm bites you!
* * * LOW HITPOINT WARNING * * *
Roots burst forth from the earth!
The grasping roots grab you!
* * * LOW HITPOINT WARNING * * *
The grasping roots constrict you!
Unknown command.
Blink to where?
Press: ? - help, Dir - move target cursor, p - swamp worm The roots' grasp on you weakens, but your attempt to escape fails.
As you read the scroll of blinking, it crumbles to dust.
The hornet misses you. You block the swamp worm's attack.
The hornet stings you.
You die...

♣.≈≈...♣♣ ♣≈≈≈≈≈≈≈≈≈ ♣≈≈.♣...♣
♣≈≈≈≈≈≈≈.. ♣...♣♣≈.♣♣ ♣.≈♣≈≈≈.≈
♣♣..♣♣♣≈≈.♣♣ ♣≈≈≈≈≈♣ ≈≈.≈
♣♣...♣ ♣..≈♣♣♣♣.≈≈≈≈♣♣≈♣ ≈...
♣♣≈...♣♣♣♣.≈.≈≈♣♣†y.≈≈≈≈.♣ §..≈
♣..≈..[.♣...≈.♣.♣f♣≈≈....♣ ≈≈≈≈
♣♣........w≈f..≈≈w≈≈≈♣≈≈.♣ ....
♣÷######@y♣.≈≈≈§≈≈≈≈≈≈≈.♣ ≈≈≈≈
♣.#.....#♣♣≈....≈≈♣≈....♣ ≈≈≈≈
♣♣÷#.....# ♣≈≈≈♣.≈≈≈.≈≈≈≈.
≈≈≈≈♣♣ ♣..#.....♣
♣♣≈.♣...≈..≈≈≈≈ ≈≈...♣
♣..#.....♣♣ ♣≈♣≈..≈≈≈≈≈≈.≈
≈≈.≈≈§ ♣..#..≈..≈♣
♣≈≈≈≈≈≈≈...≈≈ ...≈≈♣
♣≈.#.....≈♣♣♣≈.≈.≈≈≈...≈
≈≈.≈≈♣♣♣≈.#...♣(..♣♣.♣≈.≈≈..≈≈.
≈≈..^♣♣...###..♣≈♣♣♣.≈≈.≈≈≈.≈..


You could see a shambling mangrove, a swamp worm and a hornet.

Vanquished Creatures
  Jorgrun (Orc:2)
  Gastronok (Lair:2)
  Aizul (Swamp:1)
  A ghoul (D:13)
  A dire elephant (Gauntlet)
  A minotaur (Gauntlet)
  Snorg (Orc:2)
  The ghost of ABBCCCDDDD the Fighter, a journeyman FoFi of Makhleb (Lair:2)
  The ghost of grocchini the Grappler, a journeyman NaTm of Fedhas (Lair:6)
  A vault guard (D:13)
  Erolcha (Orc:1)
  A rakshasa (D:15)
  A yaktaur captain (D:15)
  6 hydras
  A shambling mangrove (Swamp:2)
  A catoblepas (Lair:6)
  4 centaur warriors
  Harold (Orc:1)
  6 alligators
  5 two-headed ogres
  4 ogre magi (Orc:2)
  Nergalle (Orc:2)
  Sonja (D:10)
  Urug (Orc:2)
  3 skeletal warriors (D:13)
  A spriggan druid (Swamp:2)
  3 swamp dragons
  A lindwurm (Lair:6)
  2 orc knights
  A wolf spider zombie (D:15)
  3 oklob plants (Lair:3)
  7 orc sorcerers (Orc:2)
  20 ugly things
  11 deep elf magi
  A cyclops (D:12)
  3 manticores
  A wolf spider (D:15)
  7 centaur zombies
  13 elephants
  Maurice (Orc:1)
  3 black mambas (Lair:6)
  A torpor snail (Lair:6)
  A hellion (Gauntlet)
  A gargoyle (D:13)
  14 spiny frogs
  A spiny frog (shapeshifter) (D:13)
  6 komodo dragons
  4 rime drakes (Lair:6)
  A yaktaur (D:15)
  A red devil (Gauntlet)
  5 trolls
  A queen bee (Lair:2)
  A wolf spider simulacrum (D:14)
  A tyrant leech (Swamp:1)
  2 polar bears
  29 blink frogs
  Prince Ribbit (D:8)
  14 hippogriffs
  A harpy skeleton (D:15)
  7 hornets
  A snapping turtle (shapeshifter) (D:13)
  16 slime creatures
  Grinder (D:5)
  3 bog bodies (Swamp:1)
  2 spriggans (Swamp:2)
  2 shadows (D:15)
  A wyvern (shapeshifter) (D:14)
  36 yaks
  4 wraiths
  Eustachio (D:5)
  3 basilisks
  2 hungry ghosts (D:15)
  4 wyverns
  A golden eye (shapeshifter) (D:14)
  Grum (D:8)
  8 vampire mosquitoes
  5 wargs
  5 swamp worms
  An acid dragon (D:8)
  A swamp worm (shapeshifter) (D:15)
  9 water moccasins
  Duvessa (D:4)
  14 porcupines
  2 swamp drakes (Swamp:1)
  A soldier ant (D:12)
  A hell hound (Gauntlet)
  6 ice beasts
  A hornet zombie (D:13)
  9 ogres
  16 orc warriors
  2 phantoms
  8 black bears
  7 sky beasts
  7 centaurs
  18 wolves
  3 big kobolds
  16 crocodiles
  20 bullfrogs
  5 gnoll sergeants (D:7)
  A water moccasin zombie (D:8)
  9 scorpions
  Dowan (D:4)
  15 killer bees
  3 electric eels
  3 howler monkeys
  14 wights
  3 bullfrog zombies
  4 crimson imps
  6 jellies
  A quasit (D:6)
  6 orc priests
  Crazy Yiuf (D:5)
  2 bullfrog skeletons
  3 gnoll shamans (D:7)
  18 hounds
  A human zombie (Ossuary)
  3 centaur skeletons
  Jessica (D:2)
  3 iguanas (D:8)
  Ijyb (D:3)
  25 orc wizards
  12 worker ants
  A hell rat (Lair:6)
  A hound zombie (D:7)
  7 mummies
  2 hound skeletons
  A worker ant zombie (D:7)
  17 adders
  36 gnolls
  4 shadow imps
  2 oozes (D:1)
  2 worms (D:2)
  A dart slug (D:1)
  4 leopard geckos
  57 orcs
  9 bats
  6 giant cockroaches
  5 gnoll zombies (Ossuary)
  9 goblins
  10 hobgoblins
  10 jackals
  13 kobolds
  8 quokkas
  5 frilled lizards
  2 goblin zombies (Ossuary)
  3 hobgoblin zombies (Ossuary)
  A leopard gecko skeleton (D:5)
  3 orc zombies (Ossuary)
  8 rats
824 creatures vanquished.

Vanquished Creatures (others)
  2 slime creatures (Swamp:2)
  A swamp drake (Swamp:2)
  An orc (Orc:2)
  2 fungi
  7 plants
13 creatures vanquished.

Grand Total: 837 creatures vanquished

Notes
Turn   | Place    | Note
-------+----------+-------------------------------------------
     0 | D:1      | dvd the Troll Gladiator began the quest for the Orb.
     0 | D:1      | Reached XP level 1. HP: 19/19 MP: 0/0
    51 | D:1      | Reached XP level 2. HP: 25/27 MP: 1/1
   377 | D:1      | Reached XP level 3. HP: 29/35 MP: 2/2
   681 | D:2      | Noticed Jessica
   683 | D:2      | Killed Jessica
   690 | D:2      | Reached XP level 4. HP: 41/42 MP: 3/3
   989 | D:2      | Found a burning altar of Makhleb.
  1005 | D:2      | Found an iron altar of Okawaru.
  1016 | D:2      | Became a worshipper of Warmaster Okawaru
  1703 | D:3      | Found Zin's Purification Station.
  1703 | D:3      | Found a glowing silver altar of Zin.
  1725 | D:3      | Reached skill level 2 in Throwing
  1760 | D:3      | Noticed Ijyb
  1772 | D:3      | Killed Ijyb
  1772 | D:3      | Reached XP level 5. HP: 16/49 MP: 4/4
  1854 | D:3      | You fall through a shaft!
  1969 | D:4      | Found a hide-covered altar of Uskayaw.
  2104 | D:4      | Found a sand-covered staircase.
  2183 | Ossuary  | Entered an ossuary
  2521 | D:3      | Reached XP level 6. HP: 57/57 MP: 5/5
  3082 | D:4      | Noticed Duvessa
  3083 | D:4      | Noticed Dowan
  3259 | D:4      | Killed Dowan
  3259 | D:4      | Reached * piety under Okawaru
  3309 | D:4      | Killed Duvessa
  3309 | D:4      | Reached skill level 1 in Maces & Flails
  3309 | D:4      | Reached skill level 3 in Throwing
  3309 | D:4      | Reached XP level 7. HP: 8/66 MP: 2/6
  3434 | D:4      | Found Vumpa's Assorted Antiques.
  3440 | D:4      | Bought a warped morningstar for 297 gold pieces
  3440 | D:4      | Identified the +5 morningstar "Vaitt" {flame, *Corrode
                  | rPois rN+} (You bought it in a shop on level 4 of the
                  | Dungeon)
  3787 | D:5      | Entered Level 5 of the Dungeon
  3940 | D:5      | Found Zaxzoxzots's Armour Shoppe.
  3956 | D:5      | Noticed Grinder
  3958 | D:5      | Paralysed by Grinder for 5 turns
  3966 | D:5      | Paralysed by Grinder for 5 turns
  3971 | D:5      | Killed Grinder
  3971 | D:5      | Reached ** piety under Okawaru
  4121 | D:5      | Noticed Eustachio
  4131 | D:5      | Killed Eustachio
  4131 | D:5      | Reached XP level 8. HP: 69/75 MP: 7/7
  4444 | D:5      | Found a runed translucent door.
  4445 | D:5      | Noticed Crazy Yiuf
  4452 | D:5      | Killed Crazy Yiuf
  4716 | D:6      | Reached skill level 5 in Maces & Flails
  4716 | D:6      | Reached skill level 1 in Stealth
  4741 | D:6      | Reached *** piety under Okawaru
  4907 | D:6      | Found a deep blue altar of Sif Muna.
  4913 | D:6      | Received a gift from Okawaru
  4967 | D:6      | Found a shattered altar of Ashenzari.
  5067 | D:6      | Reached XP level 9. HP: 84/84 MP: 8/8
  5252 | D:7      | Found a staircase to the Ecumenical Temple.
  5271 | D:7      | Reached skill level 5 in Dodging
  5356 | D:7      | Reached skill level 4 in Throwing
  5365 | D:7      | Reached **** piety under Okawaru
  5378 | D:7      | Received a gift from Okawaru
  5491 | D:7      | Reached skill level 5 in Throwing
  5682 | D:7      | Identified the +4 mace of Giotap {crush, SInv}
  6126 | D:7      | Reached XP level 10. HP: 65/94 MP: 9/9
  6195 | Temple   | Entered the Ecumenical Temple
  6240 | D:7      | Reached ***** piety under Okawaru
  6289 | D:7      | Received a gift from Okawaru
  6352 | D:7      | Reached skill level 6 in Throwing
  6361 | D:7      | Reached skill level 1 in Shields
  6622 | D:7      | Found a white marble altar of Elyvilon.
  7111 | D:8      | Reached skill level 5 in Fighting
  7162 | D:8      | Received a gift from Okawaru
  7218 | D:5      | Bought a +2 robe of fire resistance for 265 gold pieces
  7291 | D:8      | Found a sacrificial altar of Ru.
  7615 | D:8      | Noticed Prince Ribbit
  7619 | D:8      | Killed Prince Ribbit
  7673 | D:8      | Noticed Grum
  7677 | D:8      | Killed Grum
  7677 | D:8      | Reached skill level 7 in Throwing
  7738 | D:8      | Found a bloodstained altar of Trog.
  8147 | D:8      | Paralysed by a hornet for 2 turns
  8153 | D:8      | Received a gift from Okawaru
  8403 | D:8      | Received a gift from Okawaru
  8474 | D:9      | Reached XP level 11. HP: 104/104 MP: 10/10
  8662 | D:9      | Found a staircase to the Lair.
  8939 | D:9      | Reached skill level 8 in Throwing
  9066 | D:10     | Entered Level 10 of the Dungeon
  9092 | D:10     | Found a basalt altar of Yredelemnul.
  9102 | D:10     | Noticed a two-headed ogre
  9108 | D:10     | Killed a two-headed ogre
  9149 | D:10     | Found a staircase to the Orcish Mines.
  9194 | D:10     | Received a gift from Okawaru
  9618 | D:10     | Got a brightly glowing glaive
  9619 | D:10     | Identified the cursed +0 glaive of the Spectre {chop, rN+
                  | Int+4} (You found it on level 10 of the Dungeon)
  9936 | D:10     | Noticed Sonja
  9954 | D:10     | Killed Sonja
 10097 | D:10     | Reached skill level 9 in Throwing
 10196 | Lair:1   | Entered Level 1 of the Lair of Beasts
 10965 | Lair:2   | Found a transporter.
 10967 | Lair:2   | Found a transporter.
 10968 | Lair:2   | Noticed ABBCCCDDDD's ghost (journeyman FoFi)
 11014 | Lair:2   | Found a gate leading to a gauntlet.
 11137 | Gauntlet | Entered a Gauntlet
 11137 | Gauntlet | Found a transporter.
 11140 | Gauntlet | Found a transporter.
 11160 | Gauntlet | Found a transporter.
 11160 | Gauntlet | Found a transporter.
 11169 | Gauntlet | Noticed a dire elephant
 11170 | Gauntlet | Found a transporter.
 11190 | Gauntlet | Found a transporter.
 11193 | Gauntlet | Found a runed translucent door.
 11193 | Gauntlet | Found a runed translucent door.
 11193 | Gauntlet | Noticed a cacodemon
 11200 | Gauntlet | Noticed a glowing orange brain
 11204 | Gauntlet | Noticed a red ugly thing
 11205 | Gauntlet | Found a transporter.
 11209 | Gauntlet | Found a transporter.
 11209 | Gauntlet | Noticed a purple ugly thing
 11210 | Gauntlet | Found a transporter.
 11210 | Gauntlet | Found a transporter.
 11210 | Gauntlet | Found a transporter.
 11210 | Gauntlet | Noticed a balrug
 11212 | Gauntlet | Noticed an orange crystal statue
 11218 | Gauntlet | Found a transporter.
 11241 | Gauntlet | Noticed a glowing orange brain
 11368 | Gauntlet | Got a slimy bone ring
 11370 | Gauntlet | Identified the ring "Dugamn" {+Fly MR+ Str+3 Dex+5} (You
                  | found it in a Gauntlet)
 11395 | Gauntlet | Reached XP level 12. HP: 106/114 MP: 11/11
 11444 | Gauntlet | Killed a dire elephant
 11444 | Gauntlet | Reached skill level 10 in Maces & Flails
 11444 | Gauntlet | Reached skill level 10 in Throwing
 11458 | Gauntlet | Got a glittering lead ring
 11460 | Gauntlet | Identified the ring "Ciplez" {+Fly Int+4} (You found it in
                  | a Gauntlet)
 11602 | Gauntlet | Identified the +6 scale mail "Bafeduri" {+Blink Dex+4}
 11602 | Gauntlet | Identified the amulet "Odonuot" {rElec Regen+}
 11602 | Gauntlet | Noticed a minotaur
 11617 | Gauntlet | Killed a minotaur
 11737 | Lair:2   | Received a gift from Okawaru
 11859 | Lair:2   | Noticed Gastronok
 11875 | Lair:2   | Killed Gastronok
 11875 | Lair:2   | Reached ****** piety under Okawaru
 11875 | Lair:2   | Received a gift from Okawaru
 11875 | Lair:2   | Reached skill level 1 in Invocations
 12610 | Lair:2   | Learned a level 1 spell: Apportation
 13430 | Lair:3   | Reached skill level 1 in Evocations
 13598 | Lair:3   | Found a staircase to the Swamp.
 13980 | Lair:3   | Got an ancient bronze ring
 13984 | Lair:3   | Identified the ring of Jomoat {rCorr rElec Str+2 Int+4}
                  | (You found it on level 3 of the Lair of Beasts)
 14031 | Lair:3   | Reached skill level 11 in Throwing
 14036 | Lair:3   | Reached XP level 13. HP: 119/123 MP: 12/12
 14461 | Lair:4   | Received a gift from Okawaru
 14567 | Lair:4   | Found a hole to the Spider Nest.
 15144 | Lair:5   | Reached skill level 5 in Shields
 15152 | Lair:5   | Received a gift from Okawaru
 15170 | Lair:5   | Reached skill level 5 in Axes
 15491 | Lair:6   | Entered Level 6 of the Lair of Beasts
 15505 | Lair:6   | Received a gift from Okawaru
 15614 | Lair:6   | Found a staircase to the Slime Pits.
 15642 | Lair:6   | Got an ancient trident
 15644 | Lair:6   | Received a gift from Okawaru
 15762 | Lair:6   | Noticed grocchini's ghost (journeyman NaTm)
 15766 | Lair:6   | Found a runed translucent door.
 15893 | Lair:6   | Identified the +10 trident "Qongakof" {flame, rF+ rN+ MR++
                  | Dex-4} (You found it on level 6 of the Lair of Beasts)
 16146 | Lair:6   | Received a gift from Okawaru
 16246 | Lair:6   | Received a gift from Okawaru
 16613 | Lair:6   | Received a gift from Okawaru
 16665 | Lair:6   | Reached skill level 12 in Throwing
 16714 | Lair:6   | Reached XP level 14. HP: 108/133 MP: 14/14
 16937 | Lair:6   | Killed grocchini's ghost
 16937 | Lair:6   | Received a gift from Okawaru
 17128 | Lair:2   | Killed ABBCCCDDDD's ghost
 17136 | Lair:2   | Received a gift from Okawaru
 17196 | Lair:2   | Identified the +9 scythe "Onis" {drain, +Blink Str-4 Int+9}
                  | (You found it on level 2 of the Lair of Beasts)
 17295 | Orc:1    | Entered Level 1 of the Orcish Mines
 17295 | Orc:1    | Noticed Maurice
 17313 | Orc:1    | Killed Maurice
 17359 | Orc:1    | Found a roughly hewn altar of Beogh.
 17525 | Orc:1    | Noticed Harold
 17531 | Orc:1    | Noticed Erolcha
 17541 | Orc:1    | Killed Harold
 17550 | Orc:1    | Killed Erolcha
 17800 | Orc:2    | Entered Level 2 of the Orcish Mines
 17839 | Orc:2    | Found a staircase to the Elven Halls.
 18216 | Orc:2    | Noticed Snorg
 18225 | Orc:2    | Killed Snorg
 18533 | Orc:2    | Noticed Urug
 18560 | Orc:2    | Noticed Jorgrun
 18586 | Orc:2    | Killed Jorgrun
 18586 | Orc:2    | Reached skill level 1 in Translocations
 18726 | Orc:2    | Killed Urug
 18748 | Orc:2    | Found an ancient bone altar of Kikubaaqudgha.
 18749 | Orc:2    | Noticed Nergalle
 18761 | Orc:2    | Killed Nergalle
 18770 | Orc:2    | Received a gift from Okawaru
 18771 | Orc:2    | Found the +5 robe of Misfortune {*Contam Harm *Corrode
                  | *Drain *Slow EV+5}
 18799 | Orc:2    | Found Tuiwi's Gadget Shoppe.
 18865 | Orc:2    | Found a radiant altar of Vehumet.
 18914 | Orc:2    | Found a roughly hewn altar of Beogh.
 18914 | Orc:2    | Found Ykoky's Gadget Emporium.
 18915 | Orc:2    | Found Elioprod's Antique Weapon Shoppe.
 18942 | Orc:2    | Found Xoxis's Distillery.
 19180 | D:11     | Identified the +6 glaive "Vettic" {chop, rN+ Dex+2} (You
                  | found it on level 11 of the Dungeon)
 20319 | D:12     | Reached skill level 1 in Armour
 20701 | D:13     | Reached XP level 15. HP: 143/143 MP: 15/15
 20834 | D:13     | Reached skill level 13 in Throwing
 21074 | D:13     | Identified the +0 robe of the Lobster {Dex+3} (You found it
                  | on level 13 of the Dungeon)
 21353 | D:13     | Received a gift from Okawaru
 21459 | D:13     | Found a gate to the Vaults.
 21784 | D:14     | Received a gift from Okawaru
 22245 | D:15     | Entered Level 15 of the Dungeon
 22659 | D:15     | Received a gift from Okawaru
 23263 | D:15     | Reached skill level 14 in Throwing
 23306 | D:15     | Found a staircase to the Depths.
 23628 | Swamp:1  | Entered Level 1 of the Swamp
 23629 | Swamp:1  | Noticed Aizul
 23744 | Swamp:1  | Killed Aizul
 24149 | Swamp:1  | Reached XP level 16. HP: 145/154 MP: 16/16
 24987 | Swamp:2  | Received a gift from Okawaru
 25112 | Swamp:2  | HP: 3/156 [shambling mangrove (16)]
 25113 | Swamp:2  | Slain by a hornet

Skill      XL: |  1  2  3  4  5  6  7  8  9 10 11 12 13 14 15 16 |
---------------+-------------------------------------------------+-----
Dodging        | 3 4 5 6 7 8 9 |  9.2
Axes           | 3 4 5 |  5.4
Fighting       | 2 3 4 5 6 7 8 9 |  9.1
Throwing       | 2 3 5 7 9 11 12 14 | 14.2
Maces & Flails | 1 3 6 7 8 9 11 12 13 | 13.9
Stealth        | 1 2 3 |  3.2
Shields        | 2 3 4 5 7 8 |  8.0
Invocations    | 1 2 |  2.8
Evocations     | 1 |  1.3
Translocations | 1 |  1.1
Armour         | 1 2 |  2.9
Polearms       | |  0.5
Spellcasting   | |  0.5

Action                   |  1- 3 |  4- 6 |  7- 9 | 10-12 | 13-15 | 16-18 || total
-------------------------+-------+-------+-------+-------+-------+-------++-------
Melee: War axe           |    81 |   191 |       |       |       |       ||   272
       Mace              |       |    47 |     4 |       |       |       ||    51
       Morningstar       |       |       |   233 |   480 |   770 |    95 ||  1578
       Hand axe          |       |       |    35 |       |    37 |       ||    72
       Trident           |       |       |       |       |       |    55 ||    55
 Fire: Blowgun           |       |    40 |       |     8 |       |       ||    48
Throw: Throwing net      |       |     8 |     2 |       |     3 |       ||    13
       Javelin           |       |       |    37 |   231 |   447 |       ||   715
       Tomahawk          |       |       |    24 |    23 |    42 |    18 ||   107
       Large rock        |       |       |       |       |   110 |       ||   110
 Cast: Apportation       |       |       |       |     2 |     6 |       ||     8
Invok: Heroism           |       |     2 |     2 |    16 |    23 |     5 ||    48
       Finesse           |       |       |       |       |       |     1 ||     1
Evoke: Wand              |       |       |       |    13 |     7 |     1 ||    21
  Use: Scroll            |       |     7 |     4 |     9 |     8 |     4 ||    32
       Potion            |       |     4 |     3 |     9 |     3 |     3 ||    22
 Stab: Sleeping          |       |     3 |     2 |     7 |     1 |       ||    13
       Petrified         |       |       |       |       |     2 |       ||     2
       Paralysed         |       |       |       |       |     3 |       ||     3
       Held in net/web   |       |       |       |       |     2 |       ||     2
       Confused          |       |       |       |       |       |     1 ||     1
  Eat: Chunk             |    12 |    24 |    27 |    70 |    96 |    15 ||   244
       Ration            |       |       |       |     1 |     1 |       ||     2
Armor: Robe              |    58 |    89 |   130 |   121 |    88 |       ||   486
       Troll leather arm |       |       |       |       |    89 |    28 ||   117
       Swamp dragon scal |       |       |       |       |       |    16 ||    16
Dodge: Dodged            |    64 |   166 |   253 |   256 |   393 |    92 ||  1224
Block: Shield            |       |       |    25 |   268 |   519 |   100 ||   912
       Large shield      |       |       |       |       |       |    16 ||    16
